 Dungeon Crawl Stone Soup version 0.22.0-36-g8e74550 (webtiles) character file.

12 Marcoleric the Vexing (level 2, -3/11 HPs)
             Began as a Felid Enchanter on Aug 24, 2018.
             Slain by a hobgoblin
             ... wielding a +0 club
              (4 damage)
             ... on level 1 of the Dungeon.
             The game lasted 00:03:51 (532 turns).

Marcoleric the Vexing (Felid Enchanter)              Turns: 532, Time: 00:03:52

Health: -3/11      AC:  1    Str:  4    XL:     2   Next: 20%
Magic:  5/6        EV: 18    Int: 16    God:
Gold:   15         SH:  0    Dex: 16    Spells: 4/5 levels left
                                        Lives:  0   Deaths: 0

rFire    . . .     SeeInvis +     - Unarmed
rCold    . . .     Gourm    .   (shield unavailable)
rNeg     . . .     Faith    .   (armour unavailable)
rPois    .         Spirit   .   (helmet unavailable)
rElec    .         Reflect  .   (cloak unavailable)
rCorr    .         Harm     .   (gloves unavailable)
MR       .....                  (boots unavailable)
Stlth    +++.......             (no amulet)
HPRegen  0.03/turn              (no ring)
MPRegen  0.10/turn              (no ring)

@: quick
A: very small, no armour, no weapons or thrown items, stealth, claws 1, fangs 3,
see invisible, carnivore, speed 1, shaggy fur 1, slow metabolism 1, sharp paws
a: no special abilities


You were on level 1 of the Dungeon.
You were not hungry.

You visited 1 branch of the dungeon, and saw 1 of its levels.

You collected 15 gold pieces.

Inventory:

Hand Weapons
 e - a +0 hand axe
Scrolls
 d - a scroll of amnesia {unknown}
Potions
 a - a potion of brilliance {unknown}
 c - a potion of lignification {unknown}
Comestibles
 b - 3 rations


   Skills:
 + Level 2.7 Dodging
 + Level 4.3 Stealth
 + Level 1.1 Unarmed Combat
 + Level 2.2 Spellcasting
 + Level 4.7 Hexes


You had 4 spell levels left.
You knew the following spells:

 Your Spells              Type           Power        Failure   Level  Hunger
a - Corona                Hex            ###....      3%          1    #......

Your spell library contained the following spells:

 Spells                   Type           Power        Failure   Level  Hunger
 Confuse                  Hex            ###.....     9%          3    ###....
 Tukima's Dance           Hex            ###.....     9%          3    ###....
 Ensorcelled Hibernation  Hex/Ice        #.....       12%         2    ###....
 Dazzling Spray           Conj/Hex       #.....       22%         3    ###....


Dungeon Overview and Level Annotations

Branches:
Dungeon (1/15)

Altars:
Okawaru


Innate Abilities, Weirdness & Mutations

You cannot wear armour.
You are incapable of wielding weapons or throwing items.
Your paws allow you to move quietly. (Stealth)
You have sharp claws.
You have razor-sharp teeth.
You have supernaturally acute eyesight. (SInv)
You are carnivorous and can eat meat at any time.
You cover ground quickly.
You are covered in fur. (AC +1)
You have a slow metabolism.
Your sharp claws are effective at attacking unaware monsters.


Message History

You scratch the hobgoblin but do no damage.
The hobgoblin is lightly wounded.
The hobgoblin closely misses you.
You closely miss the hobgoblin. You bite the hobgoblin.
The hobgoblin is severely wounded.
The hobgoblin stops glowing.
The hobgoblin closely misses you.
Casting: Corona (safe; 3% risk of failure)
Confirm with . or Enter, or press ? or * to list all spells.
Aiming: Corona (safe; 3% risk of failure)
Press: ? - help, Shift-Dir - straight line, f/p - hobgoblin
Aim: a hobgoblin, wielding a club (severely wounded, chance to defeat MR: 71%)
The hobgoblin is outlined in light.
You scratch the hobgoblin but do no damage.
Your bite misses the hobgoblin.
The hobgoblin is severely wounded.
The hobgoblin misses you.
You scratch the hobgoblin.
The hobgoblin is almost dead.
The hobgoblin hits you with a club.
You die...

#.........# ###########
#. ....# .. ....# #
####### #. #....# #
#..... #. .....#.
###.#.# ###.#.......
#.....###.# .......#...
#.#........ #.g.......
....############@......#
..#....................#
..#.......###########..#
..#.#####.########## #
..#.................
..#.....#.##########
.....##.#.# #.##.##.#.#
.....##...#


You could see a hobgoblin.

Vanquished Creatures
  A leopard gecko (D:1)
  2 giant cockroaches (D:1)
  A goblin (D:1)
  2 hobgoblins (D:1)
  2 bats (D:1)
  A kobold (D:1)
  2 rats (D:1)
11 creatures vanquished.

Notes
Turn   | Place    | Note
-------+----------+-------------------------------------------
     0 | D:1      | Marcoleric the Felid Enchanter began the quest for the Orb.
     0 | D:1      | Reached XP level 1. HP: 7/7 MP: 4/4
   188 | D:1      | Found an iron altar of Okawaru.
   289 | D:1      | Reached XP level 2. HP: 10/11 MP: 6/6
   532 | D:1      | Slain by a hobgoblin

Action                   || total
-------------------------++-------
Melee: Unarmed           ||    62
       Bite              ||     5
 Cast: Corona            ||    10
 Stab: Sleeping          ||     3
Armor: Skin              ||     1
Dodge: Dodged            ||    57
